 Dungeon Crawl Stone Soup version 0.19.1-1-g22dce08 (webtiles) character file.

5182 M4edhros the Grappler (level 10, -2/150 HPs)
             Began as a Troll Berserker on Jan 4, 2017.
             Was a Priest of Trog.
             Slain by an 11-headed hydra (13 damage)
             ... on level 10 of the Dungeon.
             The game lasted 00:07:43 (1672 turns).

M4edhros the Grappler (Troll Berserker)             Turns: 1672, Time: 00:07:44

Health: -2/150     AC:  5    Str: 32    XL:     10   Next: 34%
Magic:  9/9        EV:  9    Int:  3    God:    Trog [***...]
Gold:   81         SH: 16    Dex: 12    Spells: 0 memorised, 9 levels left

rFire  . . .     SeeInvis .       - Unarmed
rCold  . . .     Gourm    +     a - +0 animal skin
rNeg   . . .     Faith    .     k - +0 large shield
rPois  .         Spirit   .     (helmet restricted)
rElec  .         Reflect  .     (no cloak)
rCorr  .         Harm     .     (gloves unavailable)
MR     .....                    (boots unavailable)
Stlth  ..........               (no amulet)
                                (no ring)
                                (no ring)

@: berserking (expiring), very quick
A: unfitting armour, claws 3, fast metabolism 3, gourmand, regeneration 1,
shaggy fur 1, tough skin 2
a: Berserk, Trog's Hand, Burn Spellbooks, Renounce Religion


You were on level 10 of the Dungeon.
You worshipped Trog.
Trog was most pleased with you.
You were not hungry.

You visited 1 branch of the dungeon, and saw 9 of its levels.

You collected 145 gold pieces.
You spent 64 gold pieces at shops.

Inventory:

Missiles
 f - a throwing net
 r - 5 large rocks (quivered)
Armour
 a - a +0 animal skin (worn)
 k - a +0 large shield (worn)
Wands
 t - a wand of teleportation (3/9)
Scrolls
 c - a scroll of immolation {unknown}
 h - 2 scrolls of teleportation {unknown}
 i - 2 scrolls of remove curse {unknown}
 p - a scroll of random uselessness {unknown}
 s - a scroll of magic mapping {unknown}
Potions
 d - 2 potions of agility
 e - a potion of might
 g - 5 potions of curing
 j - a potion of resistance
 m - a potion of brilliance {unknown}
 n - a potion of magic {unknown}
Comestibles
 b - 5 bread rations
 l - 3 meat rations


   Skills:
 + Level 6.6 Fighting
 + Level 0.0 Throwing
 + Level 6.7 Dodging
 * Level 3.0 Shields
 * Level 10.9 Unarmed Combat


You had 9 spell levels left.
You didn't know any spells.

Dungeon Overview and Level Annotations

Branches:
Dungeon (10/15)
 Temple: D:4-7         Lair: D:8-11         Orc: D:9-12

Altars:
Okawaru

Shops:
D:9 *


Innate Abilities, Weirdness & Mutations

You are too large for most types of armour.
You have claws for hands.
Your metabolism is lightning-fast.
You like to eat raw meat.
Your natural rate of healing is unusually fast.
You are covered in fur. (AC +1)
You have very tough skin. (AC +2)


Message History

You are too berserk!
You feel a strong urge to attack something.
The nine-headed hydra is engulfed in roaring flames.
You rip one of the nine-headed hydra's heads off!
The eight-headed hydra grows two more!
You claw the ten-headed hydra!
The ten-headed hydra is almost dead.
You claw one of the ten-headed hydra's heads off!
The nine-headed hydra grows two more!
You claw the 11-headed hydra!
The 11-headed hydra is almost dead.
You block the 11-headed hydra's attack. The 11-headed hydra bites you!
* * * LOW HITPOINT WARNING * * *
The 11-headed hydra closely misses you. The 11-headed hydra barely misses you.
You block the 11-headed hydra's attack. The 11-headed hydra bites you.
* * * LOW HITPOINT WARNING * * *
You block the 11-headed hydra's attack. The 11-headed hydra bites you.
* * * LOW HITPOINT WARNING * * *
The 11-headed hydra bites you!
* * * LOW HITPOINT WARNING * * *
The 11-headed hydra bites you!
You die...

############# ..#....#..#
#...#...#...# #.#.####..#
#...'...'...# #.#.# #..#
#..(#..[#...# #...# #...
##)###'###'## ##..# ####
#...#.))#...### #..#
#...#...#...ยง.# #..#
#...#[..#...#D########..#####
##'#######'##.@.............# #
#...#...#(..###.#.#####.###.###
#...#...'...###.#.# #.#......
#...#...#...##....# #.#.#.###
#############.....#####.#.#.# #
#..............#.#
##.....####.####.# ##....# #.#
#.# ##.#.# #.. #.#


You could see a 11-headed hydra.

Vanquished Creatures
  A centaur warrior (D:10)
  An unseen horror (D:10)
  A deep elf archer (D:10)
  Pikel (D:6)
  A cyclops (D:10)
  A komodo dragon (D:10)
  The ghost of M4edhros the Ruffian, an amateur TrBe of Trog (D:6)
  A merfolk (D:9)
  2 hippogriffs
  3 yaks (D:10)
  A vampire (D:10)
  Edmund (D:6)
  An orc warrior (D:9)
  A slave (D:6)
  An ogre (D:8)
  2 centaurs
  4 bullfrogs
  A centaur zombie (D:10)
  2 orc priests (D:7)
  A jelly (D:7)
  8 orc wizards
  A worker ant (D:9)
  A hound skeleton (D:7)
  3 adders
  A howler monkey skeleton (D:5)
  2 worms (D:2)
  4 leopard geckos
  10 orcs
  A giant cockroach (D:7)
  2 hobgoblins
  2 jackals (D:3)
  2 kobolds (D:3)
  2 bats
  3 frilled lizards
  3 goblins
  A leopard gecko zombie (D:8)
  A quokka skeleton (D:6)
  A rat (D:2)
76 creatures vanquished.

Notes
Turn   | Place    | Note
-------+----------+-------------------------------------------
     0 | D:1      | M4edhros the Troll Berserker began the quest for the Orb.
     0 | D:1      | Reached XP level 1. HP: 22/22 MP: 0/0
    27 | D:2      | Reached XP level 2. HP: 29/29 MP: 1/1
   126 | D:3      | Reached XP level 3. HP: 27/36 MP: 2/2
   200 | D:3      | You fall through a shaft for 2 floors!
   200 | D:5      | Entered Level 5 of the Dungeon
   205 | D:5      | Noticed a centaur
   212 | D:5      | Killed a centaur
   212 | D:5      | Reached ** piety under Trog
   212 | D:5      | Reached skill level 4 in Unarmed Combat
   212 | D:5      | Reached XP level 4. HP: 17/45 MP: 3/3
   351 | D:6      | Noticed Pikel
   352 | D:6      | Noticed a slave
   352 | D:6      | Noticed a slave
   352 | D:6      | Noticed a slave
   354 | D:6      | Noticed a slave
   358 | D:6      | You fall through a shaft!
   379 | D:7      | Reached XP level 5. HP: 47/53 MP: 4/4
   388 | D:7      | Noticed a hippogriff
   399 | D:7      | Killed a hippogriff
   399 | D:7      | Reached skill level 5 in Unarmed Combat
   399 | D:7      | Reached XP level 6. HP: 34/61 MP: 5/5
   473 | D:6      | Killed a slave
   478 | D:6      | Killed Pikel
   478 | D:6      | Reached skill level 6 in Unarmed Combat
   478 | D:6      | Reached XP level 7. HP: 70/70 MP: 6/6
   505 | D:6      | Noticed M4edhros's ghost (amateur TrBe)
   539 | D:6      | Killed M4edhros's ghost
   539 | D:6      | Reached skill level 7 in Unarmed Combat
   539 | D:6      | Reached XP level 8. HP: 79/79 MP: 7/7
   619 | D:6      | Noticed Edmund
   636 | D:6      | Killed Edmund
   770 | D:7      | Reached skill level 5 in Dodging
   792 | D:7      | Reached skill level 5 in Fighting
   792 | D:7      | Reached skill level 8 in Unarmed Combat
  1003 | D:9      | Found Yshriff's General Store.
  1026 | D:9      | Bought a potion of might for 64 gold pieces
  1061 | D:9      | Noticed a merfolk
  1069 | D:9      | Killed a merfolk
  1069 | D:9      | Reached XP level 9. HP: 80/88 MP: 8/8
  1138 | D:10     | Entered Level 10 of the Dungeon
  1140 | D:10     | Reached skill level 9 in Unarmed Combat
  1179 | D:10     | Found an iron altar of Okawaru.
  1234 | D:10     | Killed an unseen horror
  1287 | D:10     | Reached skill level 10 in Unarmed Combat
  1351 | D:10     | Noticed a cyclops
  1357 | D:10     | Killed a cyclops
  1357 | D:10     | Reached skill level 1 in Shields
  1399 | D:10     | Noticed a centaur warrior
  1408 | D:10     | Killed a centaur warrior
  1408 | D:10     | Reached XP level 10. HP: 87/100 MP: 9/9
  1431 | D:10     | Noticed a deep elf archer
  1431 | D:10     | Noticed a seven-headed hydra
  1438 | D:10     | Killed a deep elf archer
  1664 | D:10     | Reached *** piety under Trog
  1672 | D:10     | Slain by an 11-headed hydra

Skill      XL: |  1  2  3  4  5  6  7  8  9 10 |
---------------+-------------------------------+-----
Fighting       | 3 4 5 6 |  6.6
Dodging        | 3 4 5 6 |  6.7
Unarmed Combat | 4 5 6 7 8 10 | 10.9
Shields        | 2 3 |  3.0

Action                   |  1- 3 |  4- 6 |  7- 9 | 10-12 || total
-------------------------+-------+-------+-------+-------++-------
Melee: Unarmed           |    53 |    36 |   161 |    22 ||   272
       Punch             |       |       |     4 |       ||     4
Throw: Large rock        |       |       |       |     3 ||     3
Invok: Berserk           |     2 |     2 |     8 |     2 ||    14
       Trog's Hand       |       |       |     2 |       ||     2
       Burn Spellbooks   |       |       |       |     1 ||     1
  Use: Potion            |       |       |     8 |       ||     8
       Scroll            |       |       |     3 |       ||     3
 Stab: Sleeping          |       |       |     1 |       ||     1
  Eat: Bread ration      |       |     1 |       |       ||     1
       Chunk             |       |       |    27 |       ||    27
Armor: Animal skin       |    24 |     4 |    36 |     5 ||    69
       Skin              |       |       |     6 |       ||     6
Dodge: Dodged            |    26 |    22 |    56 |     9 ||   113
Block: Large shield      |       |       |    15 |    18 ||    33
